AoeStats
← łahcim

Arena

507058070Analyzed
1v1 RM · 15d ago on Sep 16, 2026· 24m 25s· 2 players
Game mode
Random Map
Map size
Tiny (2 player)
Population
200
Speed
Normal
Resources
Standard
Victory
Conquest
Starting age
Dark Age
Ending age
Imperial Age
RankedLock teamsTeams togetherTeam positionsShared explorationLock speedFull tech treeHidden civsTurbo modeCheats
Victory
Defeat
🇦🇹 Byzantines · Austria
973
+15
🇵🇱 Persians · Poland
951
-41
łahcim
10:41 Feudal Age
17:10 Castle Age
16:30 Double-Bit Axe
16:27 Horse Collar
19:13 Scale Barding Armor
19:06 Gold Mining
19:22 Heavy Plow
20:35 Bow Saw
21:42 Chain Barding Armor
risadevenganza
8:51 Loom
10:37 Feudal Age
15:46 Castle Age
14:59 Fletching
15:08 Double-Bit Axe
17:03 Bow Saw
19:07 Pikeman
21:31 Stone Mining
Connection lost

Rejoining the realm…

Still unreachable

The connection could not be restored.

Session expired

The server has moved on; the page needs a fresh start.